[Event "*** Titled Tuesday 3|2 Blitz"]
[Site "Chess.com"]
[Date "2016.08.02"]
[Round "6"]
[White "DrHolmes13"]
[Black "Iball95"]
[Result "1/2-1/2"]
[WhiteElo "2402"]
[BlackElo "2460"]
[TimeControl "180+2"]
[EndTime "12:23:31 PDT"]
[Termination "Game drawn - insufficient material"]

1. Nf3 Nf6 2. c4 c5 3. Nc3 Nc6 4. e3 g6 5. d4 cxd4 6. exd4 d5 7. cxd5 Nxd5 8. Qb3 Nxc3 9. Bc4 Nd5 10. Bxd5 e6 11.
Bxc6+ bxc6 12. Bg5 Qa5+ 13. Bd2 Qb6 14. O-O Bg7 15.
Bb4 Rb8 16. Bc5 Qxb3 17. axb3 a6 18. b4 Bf8 19. Ne5 Bxc5 20. bxc5 Rxb2 21. Nxc6 Bb7 22. Rfb1 Rxb1+ 23. Rxb1 Kd7 24. Ne5+ Kc7 25. Nxf7 Rf8 26.
Ne5 Rd8 27. Rb4 Bd5 28. f3 a5 29. Ra4 Ra8 30. Kf2 Bb3 31. Ra3 a4 32. Nd3 Kc6 33. Ke3 Kb5 34. Kd2 g5 35. Kc3 Rf8 36. Ne5 Bd5 37. Ra1 Bb3 38. Rb1 Rd8 39. c6 Ra8 40. Ra1 Rc8 41. Rb1 Ra8 42. Rc1 Rc8 43. Kb2 Kb4 44.
Nd3+ Kb5 45. Rc5+ Kb6 46. Nb4 Rd8 47. Kc3 Rc8 48. Rxg5 Bd1 49. Kb2 Rd8 50. Rc5 Bb3 51.
Kc3 Rc8 52. g4 Rd8 53. g5 Kc7 54. h4 Rf8 55. h5 Rxf3+ 56. Kb2 Rf8 57. g6 hxg6 58. hxg6 Rg8 59. Rg5 Rg7 60. Ka3 Kd6 61. Kb2 Kc7 62. Rg3 Kd6 63. Rg5 Kc7 64. Kc3 Kd6 65. Kb2 Kc7 66. d5 exd5 67. Nxd5+ Bxd5 68. Rxd5 Rxg6 69. Ka3 Rxc6 70. Kxa4 Rd6 71. Rxd6 Kxd6 1/2-1/2

[Event "*** Titled Tuesday 3|2 Blitz"]
[Site "Chess.com"]
[Date "2016.08.02"]
[Round "6"]
[White "saraswathii"]
[Black "WanderingPuppet"]
[Result "1-0"]
[WhiteElo "2132"]
[BlackElo "2272"]
[TimeControl "180+2"]
[EndTime "12:23:39 PDT"]
[Termination "saraswathii won by checkmate"]

1. e4 c5 2. Nf3 d6 3. d3 Nf6 4.
g3 g6 5. Bg2 Bg7 6. O-O Nc6 7.
c3 O-O 8. Qe2 d5 9. e5 Nd7 10.
Bf4 Nb6 11. Nbd2 Qd7 12. d4 cxd4 13. cxd4 Nd8 14. Be3 Qe8 15. h3 Bd7 16. Rfc1 Ne6 17. b3 Bb5 18. Qd1 Qd7 19. Nf1 Rfc8 20. a4 Ba6 21. a5 Rxc1 22. Rxc1 Nc8 23. N1h2 Qd8 24. Qd2 b6 25. Bh6 bxa5 26. Ng4 Bxh6 27. Nxh6+ Kg7 28. Ng4 Nb6 29. Rc6 Bc8 30. Qh6+ Kg8 31. Rxe6 Qf8 32.
Qxf8+ Kxf8 33. Rc6 Bd7 34. Rc5 a4 35. bxa4 Bxa4 36. Ng5 h6 37. Nxh6 Kg7 38. Nhxf7 Rb8 39. e6 Bb3 40. Rc7 Kf6 41. Rxa7 Nc4 42. Bxd5 Nd2 43.
Bxb3 Rxb3 44. h4 Rd3 45. Ra2 Nc4 46. Re2 Rxd4 47. Ne4+ Kg7 48. Nfg5 Nb6 49. Nc5 Nd5 50. Re4 Rd1+ 51. Kg2 Kf6 52. Nd7+ Kg7 53. Re5 Nc3 54. Re3 Nd5 55. Rf3 Re1 56. Rf7+ Kg8 57. Rf8+ Kg7 58.
Rd8 Nc3 59. Nc5 Re2 60. Re8 Kf6 61. Nd7+ Kf5 62. Rxe7 Nd5 63. Rf7+ Kg4 64. Kf1 Ra2 65. Ne5+ Kh5 66. Rh7# 1-0

[Event "*** Titled Tuesday 3|2 Blitz"]
[Site "Chess.com"]
[Date "2016.08.02"]
[Round "6"]
[White "petrpalachev"]
[Black "chipmunknau"]
[Result "0-1"]
[WhiteElo "2422"]
[BlackElo "2438"]
[TimeControl "180+2"]
[EndTime "12:23:41 PDT"]
[Termination "chipmunknau won by resignation"]

1. d4 Nf6 2. c4 d6 3. Nf3 g6 4. Nc3 Bg7 5. e4 O-O 6. Be2 Nc6 7. O-O Bg4 8. Be3 Nd7 9. d5 Ncb8 10. Nd4 Bxe2 11.
Qxe2 c5 12. Nf3 a6 13. a4 Qa5 14. Qc2 Ne5 15. Nxe5 Bxe5 16. f4 Bg7 17. Bd2 Nd7 18.
Rae1 Qc7 19. h3 Rae8 20. b3 e6 21. dxe6 fxe6 22. Nd1 Bd4+ 23. Be3 Rf7 24. Nf2 Ref8 25. Nd3 Qc6 26. Bxd4 cxd4 27. Qb2 Nc5 28. Qxd4 Nxb3 29. Qc3 Nc5 30. Nxc5 Qxc5+ 31. Kh2 Rxf4 32. Rxf4 Rxf4 33. e5 d5 34. Qb3 dxc4 35. Qxb7 c3 36. Qxa6 Kf7 37.
Qb5 Qc7 38. Rc1 Rc4 39. a5 Rc5 40. Qe2 Rxe5 41. Qf2+ Rf5+ 42. Qg3 Qxa5 43. Rxc3 g5 44. Rc7+ Kg6 45. Re7 Qd5 46. Re8 Qd7 47. Rg8+ Kh6 48. Qb8 Qf7 49. Rd8 Qf6 50. Qc8 Kg7 51. Rd7+ Kh6 52.
Rc7 Re5 53. Rc4 Re3 54. Qc7 Re5 55. Qb8 Qf5 56. Qc8 Re1 57. Qc7 Qf2 58. Qd6 Qg1+ 59. Kg3 Re3+ 0-1

[Event "*** Titled Tuesday 3|2 Blitz"]
[Site "Chess.com"]
[Date "2016.08.02"]
[Round "6"]
[White "ChadaevNikolay"]
[Black "dretch"]
[Result "1/2-1/2"]
[WhiteElo "2537"]
[BlackElo "2612"]
[TimeControl "180+2"]
[EndTime "12:24:45 PDT"]
[Termination "Game drawn - insufficient material"]

1. e4 e6 2. d4 d5 3. Nd2 c5 4.
exd5 Qxd5 5. dxc5 Nf6 6. Ngf3 Qxc5 7. Bd3 Nbd7 8. Qe2 Qc7 9. O-O b6 10. b3 Bb7 11. Bb2 Be7 12. c4 Nh5 13. Be4 O-O 14. Rad1 Nf4 15. Qe1 Nc5 16. Be5 Bd6 17. Bxd6 Qxd6 18. Bxb7 Nxb7 19. Ne4 Qc7 20. Qe3 Rad8 21.
g3 Ng6 22. Nc3 Nd6 23. Kg2 Rd7 24. Rd2 Rfd8 25. Rfd1 Nf5 26. Qe2 Rxd2 27. Rxd2 Rxd2 28. Qxd2 Nd6 29. h4 Ne7 30. Qd3 h6 31. Ne4 Nef5 32. Nxd6 Nxd6 33. Ne5 Qc5 34. Nf3 e5 35. Nd2 Qc6+ 36.
Kg1 f6 37. b4 Kf7 38. a3 Ke7 39. Qg6 Kf8 40. Qd3 Kf7 41. h5 Ke7 42. Qg6 Kf8 43.
Qd3 Kf7 44. f3 Ke7 45. g4 Kf7 46. Kf2 Ke7 47. Ke2 Nf7 48. Ne4 Nd8 49. c5 Ne6 50.
Qd6+ Qxd6 51. Nxd6 Kd7 52. cxb6 Kxd6 53. bxa7 Nc7 54. Ke3 Kc6 55. Ke4 Kb7 56. Kf5 Kxa7 57.
Kg6 Ne6 58. a4 Kb6 59. b5 Ka5 60. Kf5 Nd4+ 61. Ke4 Kb6 62. f4 Kc5 63. fxe5 fxe5 64.
Kxe5 Nf3+ 65. Kf5 Nh2 66. g5 hxg5 67. Kxg5 Nf1 68. Kf4 Kb6 69. Kf3 Kc5 70. Kg4 Kb6 71. Kg5 Kc5 72. Kf5 Kb6 73. Kf4 Kc5 74. Kf3 Kb6 75. Kf2 Nh2 76. Kg2 Ng4 77. Kg3 Ne3 78.
Kf3 Nf1 79. Kf4 Kc5 80. Kg5 Kb6 81. Kg6 Ng3 82. Kg5 Kc5 83. Kg6 Kb6 84. Kxg7 Nxh5+ 85. Kg6 Nf4+ 86. Kf5 Nd3 87. a5+ Kxb5 88. a6 Kxa6 1/2-1/2

[Event "*** Titled Tuesday 3|2 Blitz"]
[Site "Chess.com"]
[Date "2016.08.02"]
[Round "6"]
[White "bugsbunny444"]
[Black "Generalas"]
[Result "1-0"]
[WhiteElo "2309"]
[BlackElo "2240"]
[TimeControl "180+2"]
[EndTime "12:24:49 PDT"]
[Termination "bugsbunny444 won on time"]

1. Nf3 Nf6 2. c4 c5 3. g3 d5 4.
cxd5 Nxd5 5. Bg2 Nc6 6. Nc3 Nc7 7. a3 e5 8. b4 cxb4 9. axb4 Bxb4 10. Nxe5 O-O 11.
Nxc6 bxc6 12. O-O Nd5 13. Nxd5 cxd5 14. Qb3 Qe7 15. Bxd5 Rb8 16. Qe3 Qd6 17. Bg2 a5 18. Ba3 Ba6 19. Bxb4 axb4 20. d3 b3 21. Rfb1 Rfe8 22.
Qd2 Rb6 23. Rb2 Reb8 24. Rab1 Bc8 25. Qc3 Be6 26. d4 Rc8 27. Qd2 Bc4 28. e3 h5 29.
Rc1 Rbb8 30. Bf1 Bd5 31. Bg2 Bc4 32. h4 g6 33. Kh2 Kg7 34. d5 Qf6 35. e4 Ba6 36.
Rxc8 Bxc8 37. f4 Bg4 38. e5 Qb6 39. Qc3 Kg8 40. d6 Be6 41. Bh3 Rc8 42. Qd2 Bxh3 43. Kxh3 Qg1 44. Qg2 Qe3 45. Qf2 Qc3 46. Qd2 Qf3 47.
Qg2 Qg4+ 48. Kh2 Rc3 49. Rd2 Qd7 50. Qh3 Rc2 51. Rxc2 Qxh3+ 52. Kxh3 bxc2 53. d7 c1=Q 54. d8=Q+ Kh7 55. Qd5 Qf1+ 56. Kh2 Qf2+ 57. Qg2 Qe1 58. Qa2 Kg7 59. Qb2 Kf8 60. Kg2 Qe4+ 61. Kf2 Qh1 62. Qa3+ Kg7 63. Qf3 Qb1 64. Qc3 Qb6+ 65. Kg2 Kg8 66. Qf3 1-0

[Event "*** Titled Tuesday 3|2 Blitz"]
[Site "Chess.com"]
[Date "2016.08.02"]
[Round "6"]
[White "Dr-Bassem"]
[Black "TyIerDurden"]
[Result "0-1"]
[WhiteElo "2613"]
[BlackElo "2502"]
[TimeControl "180+2"]
[EndTime "12:25:22 PDT"]
[Termination "TyIerDurden won by checkmate"]

1. e4 e6 2. d3 d5 3. Nd2 g6 4. Ngf3 Bg7 5. g3 Nf6 6. Bg2 O-O 7. O-O dxe4 8. dxe4 b6 9. e5 Nd5 10. Re1 Bb7 11. h4 Nd7 12. a3 Ne7 13. Nf1 Nc5 14. Bg5 f6 15. exf6 Bxf6 16. Bxf6 Rxf6 17. Ng5 Bxg2 18.
Kxg2 h6 19. Ne4 Nxe4 20. Rxe4 Qxd1 21. Rxd1 Nf5 22. Nh2 Nd6 23. Re2 h5 24. Nf3 Re8 25.
Rde1 Nc4 26. b3 Nxa3 27. Ra1 Nb5 28. c4 Rxf3 29. Kxf3 Nd4+ 30. Ke3 Nxe2 31. Kxe2 a5 32. Rd1 Kf7 33. Rd7+ Re7 34. Rd8 Re8 35. Rd7+ Re7 36. Rd8 Re8 37. Rd7+ Re7 38. Rd8 Kf6 39. Ke3 Kf7 40. Ke4 Kf6 41. f3 g5 42. hxg5+ Kxg5 43. Ke5 Kg6 44. f4 Kg7 45. Rc8 Kf7 46. Rh8 Kg6 47.
Rg8+ Kh7 48. Rg5 Kh6 49. Kf6 Rd7 50. Rg6+ Kh7 51. Rg5 Kh6 52. Kxe6 Rd6+ 53. Kf7 Rd7+ 54. Ke6 Rd6+ 55. Ke5 Rd3 56. Rg8 Re3+ 57. Kf6 Kh7 58. Rg7+ Kh6 59. Rxc7 Rxg3 60. f5 h4 61. Rc8 Kh7 62.
Rc7+ Kh8 63. Rc8+ Kh7 64. Rc7+ Kh6 65. Rd7 h3 66. Rd8 Kh7 67. Rd4 Rxb3 68. Kf7 Kh6 69. f6 Kh5 70. Kg7 Rg3+ 71. Kh7 h2 72. Rd1 Rg1 73. Rd5+ Rg5 74. f7 h1=Q 75. f8=Q Kg4+ 76. Qh6 Qe4+ 77. Kh8 Qe8+ 78. Kh7 Qg8# 0-1

[Event "*** Titled Tuesday 3|2 Blitz"]
[Site "Chess.com"]
[Date "2016.08.02"]
[Round "6"]
[White "psv98"]
[Black "macko06"]
[Result "1-0"]
[WhiteElo "2593"]
[BlackElo "2114"]
[TimeControl "180+2"]
[EndTime "12:25:25 PDT"]
[Termination "psv98 won on time"]

1. e4 e6 2. d3 d5 3. Nd2 c5 4.
Ngf3 Nc6 5. g3 Bd6 6. Bg2 Nge7 7. O-O Qc7 8. Re1 b6 9. Qe2 f6 10. exd5 exd5 11. c4 d4 12. Ne4 O-O 13. Nxd6 Qxd6 14. h4 Bg4 15. Qf1 Rae8 16. Bf4 Qd7 17. Nh2 Bf5 18.
a3 a5 19. h5 Nc8 20. Bd5+ Kh8 21. g4 Be6 22. Bxe6 Rxe6 23. Rxe6 Qxe6 24. Re1 Qd7 25. Qe2 Kg8 26. h6 g6 27. Qe6+ Qxe6 28.
Rxe6 Nd8 29. Re2 Kf7 30. Bd2 Nc6 31. f4 Re8 32. Rxe8 Kxe8 33. Kf2 Nd6 34. b3 f5 35. g5 Kd7 36. Nf3 Ke6 37. Ke2 Nf7 38. Kd1 Kd6 39.
Kc2 Kc7 40. b4 axb4 41. axb4 Kd6 42. Kb3 Ncd8 43. Ka4 Kc6 44. Ne1 Ne6 45. Nc2 Nd6 46. Na3 cxb4 47. Nc2 Nc5+ 48. Kxb4 Nxd3+ 49. Kb3 Nc5+ 50. Kb4 d3 51. Nd4+ Kd7 52. Nf3 Nce4 53. Be3 Nc8 54. Ne5+ Ke6 55. Nxd3 Ned6 56. Ne5 Ke7 57. Bd4 Ke6 58. Bc3 Ke7 59. Kb3 Ke6 60. Bb4 Nf7 61. Nc6 Ncd6 62. Bc3 Ne4 63. Bd4 Nc5+ 64. Bxc5 bxc5 65.
Ka4 Kd6 66. Kb5 Nxg5 67. Ne5 Ne4 68. Nxg6 Nf6 69. Ne5 Ng4 70. Nf7+ Ke6 71. Ng5+ Kf6 72. Kxc5 Nxh6 73. Nxh7+ Ke6 74. Ng5+ Kd7 75. Kd5 Ng4 76. c5 Ne3+ 77. Ke5 Kc6 78. Ne6 Kd7 79. Nd4 Nc4+ 80.
Kxf5 Ne3+ 81. Ke4 Nc4 82. f5 Nd2+ 83. Kd5 Nf1 84. c6+ Kc7 85. f6 Ne3+ 86. Ke6 Nc4 87. f7 Nd6 88. f8=Q 1-0

[Event "*** Titled Tuesday 3|2 Blitz"]
[Site "Chess.com"]
[Date "2016.08.02"]
[Round "6"]
[White "stefanodinn"]
[Black "GianmarcoVaR"]
[Result "1-0"]
[WhiteElo "2232"]
[BlackElo "2435"]
[TimeControl "180+2"]
[EndTime "12:25:54 PDT"]
[Termination "stefanodinn won by resignation"]

1. e4 c6 2. d4 d5 3. Nc3 dxe4 4. Nxe4 Bf5 5. Ng3 Bg6 6. h4 h6 7. Nf3 Nd7 8. h5 Bh7 9. Bd3 Bxd3 10. Qxd3 e6 11. Bf4 Qa5+ 12. c3 Ngf6 13. a4 Be7 14. b4 Qd5 15. Ke2 Nb6 16. a5 Nc4 17. Ne5 Nxe5 18.
dxe5 Qxd3+ 19. Kxd3 O-O-O+ 20. Ke2 Nd5 21. Bd2 f5 22. f4 Rhg8 23. Nf1 g5 24. hxg6 Rxg6 25. g3 c5 26. b5 Nc7 27. c4 Rd4 28. Rc1 a6 29. b6 Ne8 30. Be3 Rd7 31. Rd1 Ng7 32.
Rxd7 Kxd7 33. Kf3 h5 34. Nd2 h4 35. gxh4 Nh5 36. Bf2 Kc6 37. Nb3 Rg4 38. Be3 Bxh4 39.
Nxc5 Rg3+ 40. Ke2 Rg4 41. Nxe6 Ng3+ 42. Kf3 Nxh1 43. Nd4+ Kd7 44. e6+ Ke8 45. Nxf5 Rg3+ 46. Nxg3 Nxg3 47. Kg4 Nf1 48. Bd4 Be1 49. c5 Nh2+ 50.
Kf5 Nf3 51. Be3 Bxa5 52. Kg6 Bb4 53. f5 Ne5+ 54. Kg7 Bc3 55. f6 Ng4 56. Bg5 a5 57. c6 bxc6 58. b7 Be5 59. Kg8 Nxf6+ 60. Bxf6 Bb8 61. Kg7 a4 62. Kg6 a3 63. Kf5 a2 64. Ke4 Bd6 65. Kd3 Bc7 66. Kc2 a1=Q 67. Bxa1 Ke7 68. Kb3 Kxe6 69. Kc4 Bd6 70. Bd4 Kd7 71.
Bb6 Bc7 72. Kc5 Bd6+ 73. Kc4 Bc7 74. Ba7 Bd6 75. Kd4 Bc7 76. Kc4 Bd6 77. Kb3 Bc7 78.
Ka4 Bd6 79. Ka5 Bf4 80. Ka6 Be5 81. Bc5 Bb8 82. Kb6 Bc7+ 83. Ka7 Be5 84. Bb6 Bd6 85.
Ka8 Bf4 86. Ba7 Bc7 87. Bb8 Bb6 88. Bf4 Ba7 89. Kxa7 1-0

[Event "*** Titled Tuesday 3|2 Blitz"]
[Site "Chess.com"]
[Date "2016.08.02"]
[Round "7"]
[White "Andrejkin"]
[Black "macko06"]
[Result "1/2-1/2"]
[WhiteElo "2230"]
[BlackElo "2117"]
[TimeControl "180+2"]
[EndTime "12:28:14 PDT"]
[Termination "Game drawn by agreement"]

1. e4 e6 2. d4 d5 3. Nc3 Bb4 4. exd5 Qxd5 5. Nf3 Nf6 6. Be2 O-O 7. O-O Bxc3 8. bxc3 b6 9. Ne5 c6 10. Ba3 Re8 11. Bf3 1/2-1/2

[Event "*** Titled Tuesday 3|2 Blitz"]
[Site "Chess.com"]
[Date "2016.08.02"]
[Round "7"]
[White "fpawn"]
[Black "Alliswell998"]
[Result "0-1"]
[WhiteElo "2209"]
[BlackElo "2212"]
[TimeControl "180+2"]
[EndTime "12:29:32 PDT"]
[Termination "Alliswell998 won by resignation"]

1. e4 c5 2. Nc3 Nc6 3. g3 g6 4.
Bg2 Bg7 5. d3 e6 6. Be3 d6 7. f4 Nge7 8. Nf3 Nd4 9. O-O O-O 10.
e5 Nef5 11. Bf2 d5 12. g4 Nxf3+ 13. Qxf3 Nd4 14. Bxd4 cxd4 15. Ne2 Qb6 16. b3 Bd7 17. Qf2 Rfc8 18. Rfc1 Bf8 19. Kh1 Ba3 20. Rf1 Rxc2 21. f5 exf5 22. gxf5 Bxf5 23. Bxd5 Qc5 0-1

[Event "*** Titled Tuesday 3|2 Blitz"]
[Site "Chess.com"]
[Date "2016.08.02"]
[Round "7"]
[White "saraswathii"]
[Black "Ginger_GM"]
[Result "0-1"]
[WhiteElo "2128"]
[BlackElo "2399"]
[TimeControl "180+2"]
[EndTime "12:29:39 PDT"]
[Termination "Ginger_GM won by resignation"]

1. e4 d6 2. d3 c5 3. Nf3 Nc6 4. g3 g6 5. Bg2 Bg7 6. O-O e5 7. c3 Nge7 8. a3 O-O 9. b4 h6 10.
b5 Na5 11. c4 b6 12. a4 f5 13. Nfd2 f4 14. Bb2 g5 15. f3 fxg3 16. hxg3 Ng6 17. Nb3 Nxb3 18. Qxb3 h5 19. Bc3 h4 20. Be1 hxg3 21.
Bxg3 Nf4 22. Bxf4 exf4 23. Nc3 Bd4+ 24. Kh2 Qf6 0-1

[Event "*** Titled Tuesday 3|2 Blitz"]
[Site "Chess.com"]
[Date "2016.08.02"]
[Round "7"]
[White "VennyIce"]
[Black "fireheart92"]
[Result "0-1"]
[WhiteElo "1969"]
[BlackElo "2384"]
[TimeControl "180+2"]
[EndTime "12:29:48 PDT"]
[Termination "fireheart92 won by resignation"]

1. e4 c5 2. Nf3 d6 3. Bb5+ Nd7 4. d4 cxd4 5. Qxd4 a6 6. Bxd7+ Bxd7 7. O-O e5 8. Qd3 h6 9. c4 b5 10. b3 Nf6 11.
Nc3 Qb6 12. Be3 Qb7 13. h3 Be7 14. Rfd1 O-O 15. Rab1 b4 16. Nd5 Nxd5 17. Qxd5 Bc6 18. Qa5 Bd8 19. Bb6 Bxb6 20. Qxb4 Bxf2+ 0-1

[Event "*** Titled Tuesday 3|2 Blitz"]
[Site "Chess.com"]
[Date "2016.08.02"]
[Round "7"]
[White "cabalista"]
[Black "AnastasiaProtopopova"]
[Result "1-0"]
[WhiteElo "2352"]
[BlackElo "2040"]
[TimeControl "180+2"]
[EndTime "12:30:49 PDT"]
[Termination "cabalista won by resignation"]

1. e4 e5 2. Nc3 Nf6 3. Bc4 Nxe4 4. Qh5 Nd6 5. Qxe5+ Qe7 6. Qxe7+ Bxe7 7. Bb3 O-O 8.
d4 c6 9. Nf3 Nf5 10. d5 d6 11.
Bf4 Na6 12. O-O-O Nc5 13. Rhe1 Bf6 14. g4 Nh4 15. Nxh4 Bxh4 16. Bxd6 Bxg4 17. Bxc5 Rfd8 18.
Rd3 b6 19. Be7 Re8 20. d6 Rad8 21. Re4 Bg5+ 22. Bxg5 1-0

[Event "*** Titled Tuesday 3|2 Blitz"]
[Site "Chess.com"]
[Date "2016.08.02"]
[Round "7"]
[White "Alexander_Donchenko"]
[Black "Dr-Bassem"]
[Result "0-1"]
[WhiteElo "2517"]
[BlackElo "2619"]
[TimeControl "180+2"]
[EndTime "12:30:58 PDT"]
[Termination "Dr-Bassem won by resignation"]

1. d4 e6 2. c4 f5 3. g3 Nf6 4. Bg2 Be7 5. Nf3 O-O 6. O-O d6 7. Nc3 Qe8 8. Re1 Ne4 9. Qc2 Qg6 10. Be3 Bf6 11. Nxe4 fxe4 12. Nd2 d5 13. cxd5 exd5 14.
Qxc7 Nc6 15. Nb3 Bd8 16. Qf4 Rxf4 17. Bxf4 Qh5 18. Rac1 Bg4 19. Rc5 Bb6 20. Rc2 Nxd4 21. Nxd4 Bxd4 22. e3 Bb6 23. Rec1 Bh3 24. b3 Bxg2 25.
Kxg2 g5 26. Be5 Qf3+ 27. Kg1 Rf8 28. Bd6 Re8 29. a4 h5 30. h3 h4 31. b4 hxg3 32.
Bxg3 Bxe3 0-1

[Event "*** Titled Tuesday 3|2 Blitz"]
[Site "Chess.com"]
[Date "2016.08.02"]
[Round "7"]
[White "Makalexa"]
[Black "calemcc"]
[Result "1-0"]
[WhiteElo "2174"]
[BlackElo "2119"]
[TimeControl "180+2"]
[EndTime "12:31:18 PDT"]
[Termination "Makalexa won by resignation"]

1. e4 e6 2. d4 d5 3. Nc3 Nf6 4.
Bg5 dxe4 5. Nxe4 Be7 6. Bxf6 gxf6 7. Nf3 f5 8. Nc3 a6 9. g3 b5 10. Bg2 Bb7 11. O-O Nd7 12. d5 b4 13. dxe6 fxe6 14.
Nd4 Bxg2 15. Qh5+ Kf8 16. Nxe6+ Kg8 17. Nxd8 Rxd8 18. Kxg2 bxc3 19. Rad1 Kg7 20. Qxf5 Nf6 21. bxc3 Bd6 22. Rfe1 Rhf8 23. Re6 Nd7 24. Qg4+ Kh8 25. Rdxd6 cxd6 26. Re7 Rg8 27. Qh4 Nf8 28. Qd4+ 1-0

[Event "*** Titled Tuesday 3|2 Blitz"]
[Site "Chess.com"]
[Date "2016.08.02"]
[Round "7"]
[White "Saitama_Hero"]
[Black "Kawhi_Leonard2"]
[Result "1-0"]
[WhiteElo "2216"]
[BlackElo "2100"]
[TimeControl "180+2"]
[EndTime "12:31:27 PDT"]
[Termination "Saitama_Hero won by resignation"]

1. d4 Nf6 2. c4 e6 3. Nc3 Bb4 4.
f3 d5 5. a3 Bxc3+ 6. bxc3 c5 7. cxd5 exd5 8. e3 O-O 9. Bd3 Re8 10. Ne2 b6 11. O-O Ba6 12. Ng3 Qc8 13. e4 dxe4 14. fxe4 Bxd3 15. Qxd3 Nc6 16. e5 Ng4 17. Nf5 cxd4 18.
cxd4 Qd7 19. Qg3 h5 20. Bb2 g6 21. Nd6 Rf8 22. h3 Nh6 23. d5 Ne7 24. e6 fxe6 25.
Qe5 1-0

[Event "*** Titled Tuesday 3|2 Blitz"]
[Site "Chess.com"]
[Date "2016.08.02"]
[Round "7"]
[White "josiwales"]
[Black "FearlessKing64"]
[Result "1-0"]
[WhiteElo "2190"]
[BlackElo "2059"]
[TimeControl "180+2"]
[EndTime "12:31:34 PDT"]
[Termination "josiwales won by resignation"]

1. e4 c5 2. Nc3 d6 3. g3 g6 4. Bg2 Bg7 5. d3 Nc6 6. Be3 e6 7. Nge2 Nge7 8. Qd2 Rb8 9. Bh6 Bxh6 10.
Qxh6 b5 11. h4 Qa5 12. O-O b4 13. Nd1 Qc7 14. Qd2 a5 15. f4 f5 16. Nf2 O-O 17.
g4 fxg4 18. Nxg4 e5 19. f5 Kh8 20. Ng3 gxf5 21. exf5 Rg8 22. f6 Bxg4 23. f7 Rgf8 24. Qg5 Rxf7 25. Rxf7 1-0

[Event "*** Titled Tuesday 3|2 Blitz"]
[Site "Chess.com"]
[Date "2016.08.02"]
[Round "7"]
[White "igorkovalenko"]
[Black "Newlight1"]
[Result "1-0"]
[WhiteElo "2555"]
[BlackElo "2406"]
[TimeControl "180+2"]
[EndTime "12:32:03 PDT"]
[Termination "igorkovalenko won by resignation"]

1. d4 Nf6 2. c4 c6 3. Nc3 d5 4.
Nf3 Bf5 5. cxd5 cxd5 6. Qb3 Nbd7 7. Nxd5 Nxd5 8. Qxd5 e6 9. Qb3 Be7 10. e3 O-O 11. Bd3 Nc5 12. dxc5 Bxd3 13. Bd2 Bxc5 14.
Bc3 Ba6 15. Rd1 Qe7 16. h3 Rfd8 17. h4 Rxd1+ 18. Kxd1 Rd8+ 19. Kc1 Qc7 20. Rd1 h6 21.
Rxd8+ Qxd8 22. Qc2 Bd3 23. Qa4 Be2 24. Nd4 a6 25.
Nxe2 Qxh4 26. Qxh4 1-0

[Event "*** Titled Tuesday 3|2 Blitz"]
[Site "Chess.com"]
[Date "2016.08.02"]
[Round "7"]
[White "MateusViageiro"]
[Black "Krutoy123"]
[Result "1-0"]
[WhiteElo "2290"]
[BlackElo "2370"]
[TimeControl "180+2"]
[EndTime "12:32:14 PDT"]
[Termination "MateusViageiro won by resignation"]

1. e4 c5 2. Nf3 e6 3. g3 Nc6 4. Bg2 g6 5. O-O Bg7 6. Re1 Nf6 7. c3 O-O 8. d4 cxd4 9. cxd4 d5 10. e5 Ne4 11. Nbd2 Nxd2 12. Bxd2 a5 13. Rc1 Qb6 14. Bc3 Bd7 15. h4 a4 16. Qd2 Na5 17. Bxa5 Rxa5 18. Rc2 Bb5 19. Rec1 Bc4 20. a3 Qa7 21. Bf1 b5 22. h5 Rb8 23. h6 Bf8 24. Nh2 Bxf1 25. Kxf1 b4 26. Ng4 Rab5 27. Qg5 bxa3 28. bxa3 Qxd4 29.
Rc8 Rxc8 30. Nf6+ Kh8 31. Rxc8 1-0

[Event "*** Titled Tuesday 3|2 Blitz"]
[Site "Chess.com"]
[Date "2016.08.02"]
[Round "7"]
[White "platy3"]
[Black "ChadaevNikolay"]
[Result "1-0"]
[WhiteElo "2696"]
[BlackElo "2530"]
[TimeControl "180+2"]
[EndTime "12:32:25 PDT"]
[Termination "platy3 won by resignation"]

1. e4 e5 2. Nf3 Nc6 3. Bb5 a6 4. Ba4 g6 5. O-O Bg7 6. c3 Nge7 7. d4 exd4 8. cxd4 O-O 9. d5 b5 10. Bc2 Na5 11. Bd2 Nc4 12. Bc3 Nxb2 13. Qc1 Nc4 14.
Bxg7 Kxg7 15. a4 Bb7 16. Nbd2 Nxd2 17. Qxd2 d6 18. Nd4 Qd7 19. f4 c5 20. dxc6 Nxc6 21. axb5 axb5 22. Nxb5 Ba6 23. Nxd6 Rfd8 24. Rfd1 Qa7+ 25.
Kh1 Qc5 26. e5 Rdb8 27. Be4 Rb6 28. Rac1 Bc4 1-0

[Event "*** Titled Tuesday 3|2 Blitz"]
[Site "Chess.com"]
[Date "2016.08.02"]
[Round "7"]
[White "Bab3s"]
[Black "Blitzstream"]
[Result "0-1"]
[WhiteElo "2161"]
[BlackElo "2448"]
[TimeControl "180+2"]
[EndTime "12:32:46 PDT"]
[Termination "Blitzstream won on time"]

1. e4 d5 2. exd5 Qxd5 3. d4 Nc6 4. Nf3 Bg4 5. Be2 O-O-O 6. Be3 e5 7. c4 Qa5+ 8. Bd2 Bb4 9. d5 e4 10. dxc6 exf3 11.
cxb7+ Kb8 12. gxf3 Bf5 13. Nc3 Nf6 14. Qb3 Rhe8 15. a3 Rxd2 16. Kxd2 Rxe2+ 17. Kxe2 Qe5+ 18. Ne4 Nxe4 19. fxe4 Qxe4+ 20. Qe3 Qxc4+ 0-1

[Event "*** Titled Tuesday 3|2 Blitz"]
[Site "Chess.com"]
[Date "2016.08.02"]
[Round "7"]
[White "Semetey"]
[Black "Pudor"]
[Result "0-1"]
[WhiteElo "2414"]
[BlackElo "2302"]
[TimeControl "180+2"]
[EndTime "12:32:51 PDT"]
[Termination "Pudor won by checkmate"]

1. d4 Nf6 2. Bf4 d6 3. Nc3 g6 4.
Nf3 Bg7 5. Qd2 O-O 6. Bh6 c5 7. h4 Bg4 8. Bxg7 Kxg7 9. e3 Bxf3 10. gxf3 cxd4 11. exd4 h5 12. O-O-O Qa5 13. f4 Nbd7 14.
Bh3 e6 15. Rhg1 b5 16. Rg5 d5 17. Qd3 b4 18. Rdg1 Ng4 19. Bxg4 hxg4 20. R5xg4 Kf6 21.
Nb1 Rac8 22. h5 gxh5 23. Qh3 Ke7 24. Qxh5 Qxa2 25. Qh4+ f6 26. Rg7+ Kd6 27. f5 Rxc2+ 28. Kxc2 Rc8+ 29. Nc3 Rxc3+ 30. Kd2 Qxb2+ 31. Ke1 Rc1# 0-1

[Event "*** Titled Tuesday 3|2 Blitz"]
[Site "Chess.com"]
[Date "2016.08.02"]
[Round "7"]
[White "wonderfultime"]
[Black "brauliocuarta"]
[Result "1-0"]
[WhiteElo "2606"]
[BlackElo "2059"]
[TimeControl "180+2"]
[EndTime "12:32:58 PDT"]
[Termination "wonderfultime won by resignation"]

1. d4 Nf6 2. c4 c5 3. d5 b5 4.
Nd2 Qa5 5. Qc2 bxc4 6. e4 d6 7. Bxc4 Na6 8. Ne2 Nb4 9. Qc3 Ba6 10. O-O g6 11. a3 Bxc4 12. Nxc4 Qa6 13. b3 Bg7 14. axb4 Qb7 15. bxc5 dxc5 16. Bb2 O-O 17. Qc2 Rab8 18. Ng3 Qxb3 19. Qxb3 Rxb3 20. Rxa7 Rb4 21.
Rc1 Rc8 22. Ba3 Rb3 23. Rxe7 Ra8 24. Bxc5 Ra4 25. h3 h5 26. Nd6 h4 27. Nf1 Bf8 28. Rxf7 Bxd6 29. Rxf6 Be5 30. Rxg6+ Kf7 31. Re6 Rxe4 32.
Be3 Rb2 33. Nd2 Rxe3 34. fxe3 Rxd2 35. Rxe5 1-0

[Event "*** Titled Tuesday 3|2 Blitz"]
[Site "Chess.com"]
[Date "2016.08.02"]
[Round "7"]
[White "RamonManon0g"]
[Black "sandropozo"]
[Result "0-1"]
[WhiteElo "2242"]
[BlackElo "2376"]
[TimeControl "180+2"]
[EndTime "12:33:14 PDT"]
[Termination "sandropozo won by resignation"]

1. d4 e6 2. c4 Bb4+ 3. Bd2 Bxd2+ 4. Nxd2 f5 5. Ngf3 Nf6 6. g3 b6 7. Bg2 Bb7 8. O-O O-O 9. b4 a5 10. a3 Qe7 11. Qb3 Ne4 12. Nxe4 Bxe4 13. Nd2 Bxg2 14.
Kxg2 Nc6 15. d5 Ne5 16. f4 Ng4 17. h3 Nf6 18. Rf3 exd5 19. Re3 Qf7 20. c5 bxc5 21.
bxc5 Rfe8 22. Nf3 Rxe3 23. Qxe3 Re8 24. Ne5 Qe6 25. Qd2 d6 26. cxd6 cxd6 27. Nc6 Qe4+ 28.
Kf2 Qc4 29. Nxa5 Ne4+ 30. Kg2 Nxd2 31. Nxc4 dxc4 32. Kf2 c3 33. Ke1 Nb3 34. Ra2 d5 35.
Kd1 d4 36. a4 d3 37. exd3 Nd4 38.
Rf2 c2+ 39. Kd2 Re1 0-1

[Event "*** Titled Tuesday 3|2 Blitz"]
[Site "Chess.com"]
[Date "2016.08.02"]
[Round "7"]
[White "ChessWarrior7197"]
[Black "stefanodinn"]
[Result "1-0"]
[WhiteElo "2474"]
[BlackElo "2229"]
[TimeControl "180+2"]
[EndTime "12:33:25 PDT"]
[Termination "ChessWarrior7197 won on time"]

1. e4 c5 2. Nf3 d6 3. d4 cxd4 4. Nxd4 Nf6 5. Nc3 e6 6. f3 Nc6 7. Be3 Be7 8. Qd2 O-O 9. O-O-O d5 10. exd5 Nxd5 11. Nxd5 Qxd5 12. Nxc6 Qxc6 13. Bd3 Rd8 14. h4 e5 15. Qe2 Be6 16. Kb1 a6 17. g4 f6 18. h5 Bd5 19. Rhf1 e4 20. fxe4 Bxe4 21. Bc4+ Kh8 22. Bb3 Bf8 23. h6 gxh6 24. Bd4 Bg7 25. Ka1 Re8 26. Qf2 Rac8 27. c3 Bg6 28. Qd2 Rcd8 29. Rf2 h5 30. gxh5 Bxh5 31. Rg1 1-0